 Dungeon Sprint DCSS version 0.17-a0-1210-g1e4f09d (webtiles) character file.

18 Kidiri the Sneak (level 2, -14/16 HPs)
             Began as a Spriggan Assassin on June 3, 2015.
             Was an Initiate of Dithmenos.
             Hit by a large rock thrown by a cyclops (30 damage)
             ... in the Dungeon (Sprint V: "Ziggurat Sprint").
             The game lasted 00:01:29 (178 turns).

Kidiri the Sneak (Spriggan Assassin)                 Turns: 178, Time: 00:01:30

Health: -14/16     AC:  3    Str:  7    XL:     2   Next: 48%
Magic:  4/4        EV: 23    Int: 12    God:    Dithmenos [......]
Gold:   0          SH:  0    Dex: 29    Spells: 0 memorised, 1 level left

rFire  . . .     SeeInvis +     K - +5 dagger
rCold  . . .     Clarity  .     c - +0 robe
rNeg   . . .     SustAt   .     (shield restricted)
rPois  .         Gourm    .     (helmet restricted)
rElec  .         Spirit   .     d - +0 cloak
rCorr  .         Warding  .     (gloves unavailable)
rMut   .         NoTele   +     (boots unavailable)
MR     .....                    (no amulet)
Stlth  +++++.....               F - +6 ring of dexterity
                                E - +6 ring of dexterity

@: very quick, not resistant to hostile enchantments, quite stealthy
A: unfitting armour, see invisible, herbivore 3, speed 3, slow metabolism 2
a: Renounce Religion


You were in the Dungeon.
You worshipped Dithmenos.
Dithmenos was noncommittal.
You were not hungry.

You visited 1 branch

Inventory:

Hand weapons
 b - a +0 blowgun
 K - a +5 dagger (weapon)
 L - a +5 quick blade
Missiles
 e - 8 poisoned needles
 f - 2 curare-tipped needles
Armour
 c - a +0 robe (worn)
 d - a +0 cloak (worn)
Jewellery
 E - a +6 ring of dexterity (left hand)
 F - a +6 ring of dexterity (right hand)
 G - a +6 ring of intelligence
 H - a +6 ring of intelligence
 I - a +6 ring of strength
 J - a +6 ring of strength
Magical devices
 B - a wand of disintegration (7)
 C - a wand of cold (5)
 D - a wand of draining (5)
Scrolls
 m - 4 scrolls of blinking
 t - 4 scrolls of amnesia
 u - 3 scrolls of recharging
 v - 7 scrolls of fog
 w - a scroll of holy word
 x - 5 scrolls of identify
 y - 5 scrolls of remove curse
 z - 2 scrolls of fear
Potions
 h - 10 potions of curing
 i - 10 potions of heal wounds
 j - 6 potions of haste
 k - 7 potions of magic
 l - 3 potions of berserk rage
 n - 2 potions of brilliance
 o - 2 potions of invisibility
 p - 4 potions of resistance
 r - 5 potions of agility
 s - 5 potions of might
Comestibles
 g - 5 bread rations
 A - 42 fruits


   Skills:
 * Level 3.2 Fighting
 * Level 3.2 Short Blades
 * Level 4.0 Throwing
 * Level 5.0 Dodging
 * Level 7.8 Stealth
 + Level 2.1 Invocations


You had one spell level left.
You didn't know any spells.

Dungeon Overview and Level Annotations

Branches:
Dungeon (1/1)

Altars:
Ashenzari
Cheibriados
Dithmenos
Elyvilon
Fedhas
Gozag
Kikubaaqudgha
Makhleb
Nemelex Xobeh
Okawaru
Qazlal
Ru
Sif Muna
Trog
Vehumet
Xom
Yredelemnul
Zin
The Shining One
Beogh
Jiyva
Lugonu


Innate Abilities, Weirdness & Mutations

You are tiny and cannot use many weapons and most armour.
You have supernaturally acute eyesight.
You are a herbivore.
You cover ground extremely quickly.
You need consume almost no food.


Message History

Your Invocations skill increases to level 2!
The ball python completely misses you. The ball python grabs you.
The ball python constricts you.
You barely miss the ball python.
The ball python bites you but does no damage.
The ball python constricts you.
You hit the ball python.
You kill the ball python!
Dithmenos accepts your kill.
You see here a +5 glaive of protection.
You see here the cursed +3 hand axe of Qowka {drain, *Contam Dex+4}.
You start resting.
HP restored.
Your surroundings seem different!
Welcome to arena 2.
An ogre, a two-headed ogre and a cyclops come into view.
Found three items.
The two-headed ogre shouts in stereo!
The cyclops shouts!
The ogre shouts!
The cyclops throws a large rock.
The large rock hits you!!
Ouch! That really hurt!
You die...

▓▓▓▓▓▓▓▓▓▓▓▓▓
▓.8©8.▓.8©8.▓
▓.COO.▓.....▓
▓.....▓.).).▓
▓.....▓.....▓
▓..@..▓.....▓
▓.....▓.....▓
▓.....▓▓▓▓▓▓▓
▓▓▓▓▓▓▓


You could see a cyclops, a two-headed ogre and an ogre.

Vanquished Creatures
  An adder (D)
  A ball python (D)
2 creatures vanquished.

Notes
Turn   | Place    | Note
--------------------------------------------------------------
     0 | D        | Kidiri the Spriggan Assassin began the quest for the Orb.
     0 | D        | Reached XP level 1. HP: 10/10 MP: 2/2
     2 | D        | Found an iron altar of Okawaru.
     2 | D        | Found a radiant altar of Vehumet.
     2 | D        | Found a shimmering altar of Xom.
     2 | D        | Found a burning altar of Makhleb.
     3 | D        | Found a deep blue altar of Sif Muna.
     5 | D        | Found a roughly hewn altar of Beogh.
     5 | D        | Found a corrupted altar of Lugonu.
     5 | D        | Found a viscous altar of Jiyva.
     5 | D        | Found a white marble altar of Elyvilon.
     5 | D        | Found a sparkling altar of Nemelex Xobeh.
     5 | D        | Found a bloodstained altar of Trog.
    23 | D        | Became a worshipper of Dithmenos the Shadowed
    44 | D        | Reached skill level 7 in Stealth
    44 | D        | Reached skill level 1 in Invocations
    44 | D        | Reached XP level 2. HP: 13/16 MP: 2/4
   107 | D        | Entered arena 1.
   114 | D        | Reached skill level 5 in Dodging
   176 | D        | Entered arena 2.
   176 | D        | Noticed a cyclops
   176 | D        | Noticed a two-headed ogre
   176 | D        | Noticed an ogre
   178 | D        | Hit by a large rock thrown by a cyclops

Vault maps used:
D:        sprint_v

Action                   || total
-------------------------++-------
Melee: Dagger            ||     6
  Use: Potion            ||     1
